 Dungeon Crawl Stone Soup version 0.31.0-32-g396128a36d (webtiles) character file.

Game seed: 6745823500667494967

97 Rotvic the Magician (level 4, 0/33 HPs)
             Began as a Mummy Hedge Wizard on Apr 7, 2024.
             Killed from afar by Ijyb (15 damage)
             ... with a bolt of dispelling energy
             ... on level 3 of the Dungeon.
             The game lasted 00:09:30 (3817 turns).

Rotvic the Magician (Mummy Hedge Wizard)            Turns: 3817, Time: 00:09:31

Health: 0/33       AC:  2    Str: 13    XL:     4   Next: 42%
Magic:  6/10       EV: 12    Int: 13    God:
Gold:   176        SH:  0    Dex: 13    Spells: 11/12 levels left

rFire   x . .        l - +0 trident
rCold   + . .        (no shield)
rNeg    + + +        b - +0 robe
rPois   ∞            c - +0 hat
rElec   .            (no cloak)
rCorr   .            (no gloves)
SInv    .            (no boots)
Will    .....        (no amulet)
Stlth   ++           (no ring)
HPRegen 0.25/turn    (no ring)
MPRegen 0.12/turn

%: faith
@: no status effects
A: cold resistance 1, negative energy resistance 3, torment resistance 2, heat
vulnerability 1, in touch with death 1, no potions, faith
a: no special abilities


You were on level 3 of the Dungeon.
You visited 1 branch of the dungeon, and saw 3 of its levels.

You collected 176 gold pieces.

Inventory:

Hand Weapons
 l - a +0 trident (weapon)
Armour
 b - a +0 robe (worn)
 c - a +0 hat (worn)
Jewellery
 g - an amulet of guardian spirit
Wands
 m - a wand of paralysis (6)
Scrolls
 a - a scroll of immolation {unknown}
 d - a scroll of enchant weapon {unknown}
 e - 2 scrolls of vulnerability {unknown}
 f - a scroll of poison {unknown}
 h - 2 scrolls of identify {unknown}
 i - 2 scrolls of amnesia {unknown}
 j - 3 scrolls of fog {unknown}
 k - a scroll of blinking {unknown}


   Skills:
 * Level 1.9 Fighting
 * Level 0.0 Polearms
 + Level 2.0 Dodging
 - Level 1.5 Stealth
 * Level 4.8 Spellcasting
 * Level 2.0 Conjurations
 - Level 0.7 Summonings
 - Level 0.7 Translocations


You had 11 spell levels left.
You knew the following spells:

 Your Spells              Type           Power      Damage    Failure   Level
a - Magic Dart            Conj           32%        1d4       9%          1

Your spell library contained the following spells:

 Spells                   Type           Power      Damage    Failure   Level
 Slow                     Hex            12%        N/A       19%         1
 Blink                    Tloc           10%        N/A       22%         2
 Call Imp                 Summ           10%        N/A       22%         2
 Lesser Beckoning         Tloc           10%        N/A       22%         2
 Cigotuvi's Dreadful Rot  Necr/Alch/Air  8%         N/A       28%         2
 Gell's Gravitas          Tloc           5%         N/A       38%         3
 Teleport Other           Tloc           5%         N/A       38%         3
 Mephitic Cloud           Conj/Alch/Air  4%         N/A       41%         3


Dungeon Overview and Level Annotations

Branches:
Dungeon (3/15)

Altars:

Annotations:
D:3 Ijyb


Innate Abilities, Weirdness & Mutations

You are immune to poison.
Your flesh is cold resistant. (rC+)
You are immune to negative energy. (rN+++)
You are immune to unholy pain and torment.
You are vulnerable to heat. (rF-)
You are in touch with the powers of death.
You do not drink.
You have a special connection with the divine. (Faith)


Message History

Aiming: Magic Dart (safe; 9% risk of failure)
Press: ? - help, Shift-Dir - straight line, f/p - Ijyb
Aim: Ijyb, wielding a +0 dagger, wearing a +0 leather armour and carrying a wand of quicksilver (lightly wounded, 100% to hit)
The magic dart hits Ijyb but does no damage.
Ijyb is lightly wounded.
Ijyb zaps a wand.
The bolt of dispelling energy misses you.
Unknown command.
Casting: Magic Dart (safe; 9% risk of failure)
Confirm with . or Enter, or press ? or * to list all spells.
Aiming: Magic Dart (safe; 9% risk of failure)
Press: ? - help, Shift-Dir - straight line, f/p - Ijyb
Aim: Ijyb, wielding a +0 dagger, wearing a +0 leather armour and carrying a wand of quicksilver (lightly wounded, 100% to hit)
The magic dart hits Ijyb but does no damage.
Ijyb is lightly wounded.
You reach to attack!
You miss Ijyb.
Ijyb is lightly wounded.
Ijyb zaps a wand.
The bolt of dispelling energy misses you.
You hit Ijyb.
Ijyb is moderately wounded.
Ijyb zaps a wand.
The bolt of dispelling energy hits you!
You closely miss Ijyb.
Ijyb is moderately wounded.
Ijyb barely misses you.
You completely miss Ijyb.
Ijyb is moderately wounded.
Ijyb hits you with a +0 dagger.
You hit Ijyb.
Ijyb is heavily wounded.
Ijyb hits you with a +0 dagger. x2
You are too injured to fight recklessly!
You are too injured to fight recklessly!
You are too injured to fight recklessly!
You are too injured to fight recklessly!
Press: ? - help, v - describe, . - travel The floor.
Ijyb attacks as she pursues you! Ijyb closely misses you.
Ijyb zaps a wand.
The bolt of dispelling energy hits you!
You die...

#.# ##...#..# ### #.
.....##.### # #.###
###.......# # .....#
#.###.#.##### ......# #.#
#.#...... ....... #.#
#.###.... ....... #.# #.#
#....
.......#########.###.###....
.<.......g.@.......#..######
......$########.............
......# ####.##.######
.....# #.....# ##### ##....#
#....# ######


You could see Ijyb.

Vanquished Creatures
  3 adders
  2 dart slugs (D:2)
  4 orcs
  3 ball pythons
  10 bats
  6 endoplasms
  3 giant cockroaches
  5 goblins
  3 hobgoblins
  3 jackals (D:1)
  7 kobolds
  2 quokkas (D:1)
  3 frilled lizards
  4 rats
58 creatures vanquished.

Notes
Turn   | Place    | Note
-------+----------+-------------------------------------------
     0 | D:1      | Rotvic the Mummy Hedge Wizard began the quest for the Orb.
     0 | D:1      | Reached XP level 1. HP: 13/13 MP: 5/5
   134 | D:1      | Reached skill level 1 in Conjurations
   279 | D:1      | Reached XP level 2. HP: 13/20 MP: 5/7
   470 | D:1      | HP: 1/20 [quokka (2)]
   930 | D:1      | Reached skill level 1 in Fighting
  1309 | D:1      | Found a faded altar of an unknown god.
  1344 | D:1      | Reached XP level 3. HP: 26/26 MP: 8/8
  2579 | D:2      | Reached XP level 4. HP: 32/33 MP: 6/10
  3803 | D:3      | Noticed Ijyb
  3817 | D:3      | Killed from afar by Ijyb

Illustrated notes

Levels and vault maps discovered:
D:1:      noname_arrival_rooms_in_the_neighbourhood, layout_loops_ring,
          shapermc_ecumenical_altar_notcrosses, minmay_crystal_room
D:2:      layout_basic, hangedman_decor_lopped, grunt_ministairs_8,
          serial_bayou_lagoon_b
D:3:      corexii_shack_village, layout_rooms, mainiacjoe_overflow_chevrons,
          lemuel_crystal_altar, kennysheep_generic_room_10, uniq_ijyb

Skill      XL: |  1  2  3  4 |
---------------+-------------+-----
Conjurations   | 1 2 |  2.0
Fighting       | 1 |  1.9
Dodging        | 2 |  2.0
Stealth        | |  1.5
Spellcasting   | |  4.8
Summonings     | |  0.7
Translocations | |  0.7

Action                     |  1- 3 |  4- 6 || total
---------------------------+-------+-------++-------
  Melee: Dagger            |    61 |       ||    61
         Short sword       |    26 |    28 ||    54
         Punch             |     1 |       ||     1
         Trident           |       |    19 ||    19
   Cast: Magic Dart        |    77 |    26 ||   103
   Stab: Sleeping          |       |     1 ||     1
 Armour: Robe              |    50 |    22 ||    72
  Dodge: Dodged            |    45 |    29 ||    74
